 Dungeon Crawl Stone Soup version bcrawl-1.39.1 (webtiles) character file.

Game seed: 12609991355716379386

470870 Finalfun the Bludgeoner (level 13, -5/116 HPs)
             Began as a Sand Dwarf Abyssal Knight on Oct 2, 2023.
             Was a High Priest of Lugonu.
             Slain by a death yak (15 damage)
             ... on level 5 of the Lair of Beasts.
             The game lasted 00:52:42 (15553 turns).

Finalfun the Bludgeoner (SDAK)                     Turns: 15553, Time: 00:52:42

Health: -5/116     AC: 22    Str: 23    XL:     13   Next: 98%
Magic:  20/20      EV: 14    Int: 11    God:    Lugonu [*****.]
Gold:   755        SH:  6    Dex: 11    Spells: 12/12 levels left

rFire    . . .     GDR:     32% H - +4 whip (pain)
rCold    . . .     SeeInvis .   r - +0 buckler
rNeg     . . .     Gourm    .   I - +0 plate armour
rPois    +         Faith    +   y - +2 helmet
rElec    .         Spirit   .   a - scarf of Guokaik {stasis, MR++}
rCorr    +         Reflect  .   J - +0 pair of gloves
MR       +++..                  (no boots)
Stlth    ..........             N - amulet of faith
HPRegen  0.29/turn              K - ring of poison resistance
MPRegen  0.17/turn              o - ring of resist corrosion

@: slow
A: small, repulsion field 1, rugged brown scales 1, slimy green scales 1,
slowness 1, armour attunement
a: Depart the Abyss, Bend Space, Banish, Corrupt, Enter the Abyss, Renounce
Religion


You were on level 5 of the Lair of Beasts.
You worshipped Lugonu.
Lugonu was extremely pleased with you.
You were hungry.

You visited 2 branches of the dungeon, and saw 13 of its levels.
You visited the Abyss 1 time.

You collected 755 gold pieces.

Inventory:

Hand Weapons
 H - a +4 whip of pain (weapon)
Missiles
 c - 10 tomahawks of dispersal {=f}
 d - 2576 stones
 f - a throwing net {=f}
 j - 2000 arrows
 w - 290 poisoned tomahawks (quivered)
Armour
 a - the scarf of Guokaik (worn) {stasis, MR++}
   (Lugonu gifted it to you on level 7 of the Dungeon)

   It affects your resistance to hostile enchantments.
 r - a +0 buckler (worn)
 y - a +2 helmet (worn)
 I - a +0 plate armour (worn)
 J - a +0 pair of gloves (worn)
Jewellery
 o - a ring of resist corrosion (right hand)
 u - an uncursed ring of see invisible
 K - a ring of poison resistance (left hand)
 N - an amulet of faith (around neck)
Wands
 b - a wand of clouds (3)
 l - a wand of flame (25)
 C - a wand of disintegration (12)
 D - a wand of paralysis (22)
 Q - a wand of acid (15)
Scrolls
 g - 2 scrolls of fear
 i - a scroll of identify
 m - a scroll of noise
 p - 9 scrolls of remove curse
 q - a scroll of blinking
 v - 4 scrolls of teleportation
 x - 5 scrolls of enchant weapon
 E - 2 scrolls of revelation
 G - 2 scrolls of enchant armour
 M - 2 scrolls of vulnerability
 O - 2 scrolls of amnesia
 R - a scroll of torment
Potions
 h - a potion of cancellation
 k - 3 potions of lignification
 s - 2 potions of brilliance
 t - 2 potions of mutation
 z - 3 potions of curing
 A - a potion of might
 F - 2 potions of flight
 S - 2 potions of resistance
Miscellaneous
 L - a lightning rod (4/4)
Comestibles
 e - 13 rations {!d}
 n - 5 chunks of flesh


   Skills:
 - Level 10.0 Fighting
 + Level 18.5 Maces & Flails
 - Level 1.0 Throwing
 - Level 10.0 Armour
 - Level 10.0 Dodging
 - Level 5.0 Shields
 - Level 5.0 Invocations
 - Level 10.0 Evocations


You had 12 spell levels left.
You didn't know any spells.
Your spell library contained the following spells:

 Spells                   Type           Power        Failure   Level  Hunger
 Recall                   Summ/Tloc      N/A          52%         3    #####..
 Regeneration             Chrm/Necr      #.........   95%         3    #####..
 Animate Dead             Necr           N/A          100%        4    ######.
 Dispel Undead            Necr           #.......     100%        5    #######
 Death Channel            Chrm/Necr      #.........   100%        6    #######
 Simulacrum               Ice/Necr       #.......     100%        6    #######


Dungeon Overview and Level Annotations

Branches:
Dungeon (8/12) Temple (0/1) D:4 Lair (5/6) D:8 Shoals (0/3) Lair:2 Spider (0/3) Lair:3 Elf (0/3) Lair:4 Lair:5 Orc: D:8-11

Altars:
Lugonu
Zin

Shops:
D:5 (?![}

Annotations:
D:5 1 runed translucent door, pecorinoman's ghost, novice HOMA
D:8 Gastronok
Lair:2 2 transporters
Lair:3 exclusion: 4 oklob plants


Innate Abilities, Weirdness & Mutations

You are small and have problems with some larger weapons.
You cover ground slowly.
Armour does not affect your spellcasting.
You are surrounded by a mild repulsion field. (EV +2)
You are partially covered in rugged brown scales. (AC +1, +3% HP)
You are partially covered in slimy green scales. (AC +2)


Message History

Okay, then.
You feel much better. The killer bee misses you.
Okay, then.
There are monsters nearby!
Keep disrobing?
You start removing your armour.
You continue taking off the scarf of Guokaik {stasis, MR++}.
The death yak gores you!
You continue taking off the scarf of Guokaik {stasis, MR++}.
The death yak gores you!
* * * LOW HITPOINT WARNING * * *
You continue taking off the scarf of Guokaik {stasis, MR++}.
The meliai mumbles some strange prayers to its god against you.
Something smites you!
* * * LOW HITPOINT WARNING * * *
The death yak gores you!
* * * LOW HITPOINT WARNING * * *
You continue taking off the scarf of Guokaik {stasis, MR++}.
The death yak gores you!
You die...

#)...######......## #####....††P
.#.....#..#.....#.#### #.......
#.................##.# ##......
#.PP...#.........#..#### #......
#P...P....#...>..#.....###.##.P#.
##.)P....................####P..P
#.......PP.#.....yk......#.......
#.##....######.##Yy..............
#.##....# #.#@#.......##......
#.###...# #######....###.y....
#.# #.P#.# ### #..k(.#.........
... .######.#####..Y..#........)
... .. ##......................
... #.#.....##k##.##.#.##.##
#..[...#.y#..#..#.#..#..
#....÷#.##.##.##.#.##.##
....#.#.#.#...Yy.y.........


You could see a death yak, a queen bee, a rime drake and a killer bee.

Vanquished Creatures
  Snorg (Lair:3)
  4 hydras
  2 death yaks (Lair:3)
  An orb spider (Lair:3)
  3 elephants (Lair:5)
  5 black mambas
  3 torpor snails
  13 cane toads
  2 rime drakes (Lair:5)
  8 komodo dragons
  A meliai (Lair:5)
  A slime creature (D:8)
  5 hippogriffs
  11 blink frogs
  4 dream sheep (Lair:5)
  Sigmund (D:3)
  43 yaks
  A wyvern (Lair:3)
  4 hogs (D:8)
  A human (D:8)
  7 basilisks
  A steam dragon (Lair:3)
  18 crocodiles
  7 water moccasins
  13 porcupines
  2 orc warriors
  3 ice beasts
  3 sky beasts
  A black bear (D:7)
  7 ogres
  19 wolves
  3 phantoms
  7 bullfrogs
  A water moccasin zombie (D:6)
  3 centaurs
  32 killer bees (Lair:5)
  2 electric eels (Lair:1)
  2 bullfrog zombies
  6 crimson imps
  2 hounds
  A jelly (D:6)
  A bullfrog skeleton (D:8)
  A gnoll shaman (D:4)
  4 orc wizards
  Jessica (D:2)
  2 iguanas
  Terence (D:3)
  5 worker ants
  2 hell rats (Lair:5)
  2 hound zombies
  Robin (D:3)
  9 gnolls
  A howler monkey skeleton (D:5)
  14 adders
  An ooze (D:3)
  3 adder skeletons
  An adder zombie (D:5)
  4 worms (D:2)
  A dart slug (D:1)
  4 leopard geckos
  18 orcs
  2 giant cockroaches
  9 goblins
  13 hobgoblins
  5 jackals
  10 kobolds
  6 quokkas
  A ball python (D:6)
  5 bats
  3 frilled lizards
  2 quokka zombies (D:6)
  7 rats
  A plant (Lair:4)
394 creatures vanquished.

Vanquished Creatures (others)
  25 fungi
  36 plants
61 creatures vanquished.

Grand Total: 455 creatures vanquished

Notes
Turn   | Place    | Note
-------+----------+-------------------------------------------
     0 | Abyss:1  | Finalfun the Sand Dwarf Abyssal Knight began the quest for
                  | the Orb.
     0 | Abyss:1  | Reached XP level 1. HP: 19/19 MP: 2/2
    55 | Abyss:1  | Found a corrupted altar of Lugonu.
    91 | Abyss:1  | Found a shattered altar of Ashenzari.
   150 | Abyss:1  | Noticed an ancient zyme
   152 | D:1      | Escaped the Abyss
   374 | D:1      | Reached skill level 1 in Dodging
   374 | D:1      | Reached XP level 2. HP: 27/27 MP: 3/3
   483 | D:1      | Reached * piety under Lugonu
   937 | D:1      | Reached XP level 3. HP: 30/33 MP: 4/4
  1587 | D:2      | Reached skill level 4 in Maces & Flails
  1647 | D:2      | Gained mutation: You are dopey. (Int -2) [potion of
                  | mutation]
  1647 | D:2      | Gained mutation: Your body sometimes deteriorates upon
                  | taking damage. [potion of mutation]
  1647 | D:2      | Gained mutation: You possess an exceptional clarity of
                  | mind. [potion of mutation]
  1656 | D:2      | Reached skill level 1 in Shields
  1656 | D:2      | Reached XP level 4. HP: 21/40 MP: 5/5
  1899 | D:2      | Found a corrupted altar of Lugonu.
  1954 | D:2      | Reached XP level 5. HP: 37/46 MP: 7/7
  2209 | D:2      | Reached ** piety under Lugonu
  2279 | D:2      | Noticed Jessica
  2305 | D:2      | Killed Jessica
  2635 | D:3      | Found a glowing silver altar of Zin.
  2635 | D:3      | Noticed an angel
  2668 | D:3      | Noticed Sigmund
  2856 | D:3      | Reached skill level 5 in Maces & Flails
  3052 | D:3      | Noticed Terence
  3067 | D:3      | Killed Terence
  3123 | D:3      | Reached skill level 1 in Evocations
  3162 | D:3      | Noticed Robin
  3176 | D:3      | Killed Robin
  3177 | D:3      | Reached XP level 6. HP: 36/52 MP: 8/8
  3202 | D:3      | Lost mutation: You are dopey. (Int -2) [potion of mutation]
  3202 | D:3      | Lost mutation: You possess an exceptional clarity of mind.
                  | [potion of mutation]
  3202 | D:3      | Lost mutation: Your body sometimes deteriorates upon taking
                  | damage. [potion of mutation]
  3202 | D:3      | Gained mutation: You are partially covered in rugged brown
                  | scales. (AC +1, +3% HP) [potion of mutation]
  3202 | D:3      | Gained mutation: You are partially covered in slimy green
                  | scales. (AC +2) [potion of mutation]
  3202 | D:3      | Gained mutation: You are surrounded by a mild repulsion
                  | field. (EV +2) [potion of mutation]
  3261 | D:3      | Noticed a phantom
  3340 | D:3      | Killed a phantom
  3715 | D:4      | Reached skill level 6 in Maces & Flails
  3833 | D:4      | Found a staircase to the Ecumenical Temple.
  3940 | D:4      | Reached XP level 7. HP: 35/60 MP: 9/9
  4928 | D:5      | Entered Level 5 of the Dungeon
  4954 | D:4      | Reached skill level 5 in Evocations
  4979 | D:5      | Found a runed translucent door.
  5074 | D:5      | Reached *** piety under Lugonu
  5147 | D:5      | Reached skill level 5 in Shields
  5166 | D:5      | Reached XP level 8. HP: 67/67 MP: 12/12
  5234 | D:5      | Found Setzemm's Gadget Boutique.
  5261 | D:5      | Reached skill level 7 in Maces & Flails
  5332 | D:5      | Found Decse's Armour Shoppe.
  5341 | D:5      | Reached skill level 8 in Maces & Flails
  5343 | D:5      | Found Uvawitel's Distillery.
  5517 | D:5      | Reached skill level 9 in Maces & Flails
  5684 | D:5      | Reached skill level 10 in Maces & Flails
  5765 | D:5      | Got a crystal spear
  5766 | D:5      | Identified the cursed +1 spear of Fury {elec, *Rage rPois
                  | rN+ Stlth+} (You found it on level 5 of the Dungeon)
  5991 | D:5      | Found Oxeiph's Magic Scroll Shop.
  6024 | D:5      | Found Lujoshrif's Antique Weapon Shop.
  6069 | D:5      | Noticed pecorinoman's ghost (novice HOMA)
  6275 | D:6      | Reached skill level 11 in Maces & Flails
  6275 | D:6      | Reached XP level 9. HP: 73/73 MP: 13/13
  6394 | D:6      | Reached skill level 12 in Maces & Flails
  6695 | D:6      | Reached skill level 13 in Maces & Flails
  7040 | D:7      | Reached skill level 14 in Maces & Flails
  7447 | D:7      | Reached **** piety under Lugonu
  7466 | D:7      | Received a gift from Lugonu
  7467 | D:7      | Got a bloodstained scarf {god gift}
  7478 | D:7      | Identified the scarf of Guokaik {stasis, MR++} (Lugonu
                  | gifted it to you on level 7 of the Dungeon)
  7774 | D:3      | Killed Sigmund
  7955 | D:8      | Reached XP level 10. HP: 78/80 MP: 14/16
  8051 | D:7      | Reached skill level 15 in Maces & Flails
  8139 | D:8      | Found a staircase to the Lair.
  8252 | D:8      | Reached skill level 10 in Evocations
  8287 | D:8      | Reached skill level 16 in Maces & Flails
  8669 | D:8      | Reached skill level 17 in Maces & Flails
  8681 | D:8      | Reached XP level 11. HP: 64/86 MP: 18/18
  8800 | D:8      | Noticed Gastronok
  8830 | Lair:1   | Entered Level 1 of the Lair of Beasts
  8898 | Lair:1   | Reached skill level 18 in Maces & Flails
  9047 | Lair:1   | Reached skill level 5 in Fighting
 10319 | Lair:2   | Noticed a seven-headed hydra
 10418 | Lair:2   | Reached skill level 10 in Fighting
 10442 | Lair:2   | Found a transporter.
 10446 | Lair:2   | Noticed a fire crab
 10528 | Lair:2   | Killed a seven-headed hydra
 10529 | Lair:2   | Reached skill level 5 in Armour
 10599 | Lair:1   | Reached XP level 12. HP: 69/109 MP: 19/19
 10800 | Lair:2   | Found a transporter.
 10957 | Lair:2   | Found a staircase to the Shoals.
 11265 | Lair:3   | Noticed an eight-headed hydra
 11275 | Lair:3   | Killed an eight-headed hydra
 11486 | Lair:3   | Reached skill level 10 in Armour
 11563 | Lair:3   | Found a hole to the Spider Nest.
 11698 | Lair:3   | Noticed a death yak
 11698 | Lair:3   | Noticed a death yak
 11722 | Lair:3   | Killed a death yak
 11723 | Lair:3   | Reached skill level 5 in Invocations
 11745 | Lair:3   | Killed a death yak
 11982 | Lair:3   | Noticed Snorg
 11997 | Lair:3   | Killed Snorg
 12653 | Lair:4   | Reached skill level 5 in Dodging
 12687 | Lair:4   | Reached XP level 13. HP: 80/116 MP: 20/20
 13275 | Lair:3   | Received a gift from Lugonu
 14031 | Lair:4   | Received a gift from Lugonu
 14157 | Lair:4   | Got a pair of distressingly furry boots {god gift}
 14163 | Lair:4   | Identified the +2 pair of boots of Veptaazia {+Inv rF-
                  | Int+3} (Lugonu gifted it to you on level 4 of the Lair of
                  | Beasts)
 14585 | Lair:5   | Found a staircase to the Elven Halls.
 14943 | Lair:5   | Reached ***** piety under Lugonu
 15050 | Lair:5   | Reached skill level 10 in Dodging
 15546 | Lair:5   | HP: 1/116 [meliai/divine providence (11)]
 15553 | Lair:5   | Slain by a death yak

Skill      XL: |  1  2  3  4  5  6  7  8  9 10 11 12 13 |
---------------+----------------------------------------+-----
Dodging        | 1 5 10 | 10.0
Invocations    | 2 3 5 |  5.0
Fighting       | 4 10 | 10.0
Armour         | 3 6 10 | 10.0
Maces & Flails | 4 5 6 11 14 17 18 | 18.5
Shields        | 1 2 3 5 |  5.0
Evocations     | 1 3 6 8 10 | 10.0
Throwing       | |  1.0

Action                   |  1- 3 |  4- 6 |  7- 9 | 10-12 | 13-15 || total
-------------------------+-------+-------+-------+-------+-------++-------
Melee: Flail             |   166 |   251 |   214 |       |       ||   631
       Whip              |       |       |   210 |  1106 |   871 ||  2187
Throw: Stone             |     5 |    94 |    92 |    43 |    23 ||   257
       Tomahawk          |       |       |       |       |    42 ||    42
Invok: Depart the Abyss  |     1 |       |       |       |       ||     1
Evoke: Wand              |       |       |       |    25 |     8 ||    33
       Lightning rod     |       |       |       |     6 |     2 ||     8
  Use: Potion            |     2 |     3 |       |     1 |     5 ||    11
       Scroll            |       |     6 |    12 |     5 |     2 ||    25
 Stab: Invisible         |       |       |       |     4 |       ||     4
       Distracted        |       |       |       |       |     1 ||     1
  Eat: Chunk             |     8 |    14 |    18 |    23 |    11 ||    74
       Ration            |       |     1 |     2 |     1 |     2 ||     6
Armor: Ring mail         |    49 |    36 |       |       |       ||    85
       Scale mail        |       |    39 |       |       |       ||    39
       Chain mail        |       |     6 |   140 |    85 |       ||   231
       Plate armour      |       |       |       |   126 |   215 ||   341
Dodge: Dodged            |   119 |    94 |   135 |   192 |   314 ||   854
Block: Buckler           |    10 |    56 |    92 |   135 |   165 ||   458
